 Dungeon Crawl Stone Soup version 0.25-a0-58-g9dd530fc12 (webtiles) character file.

Game seed: 13000314902389058378, levelgen mode: deterministic

449 Chiseanne the Skirmisher (level 6, 49/49 HPs)
             Began as a Demonspawn Wanderer on Oct 26, 2019.
             Quit the game on level 4 of the Dungeon.
             The game lasted 00:06:00 (3179 turns).

Chiseanne the Skirmisher (Demonspawn Wanderer)      Turns: 3179, Time: 00:06:00

Health: 49/49      AC:  8    Str: 12    XL:     6   Next: 74%
Magic:  6/6        EV: 10    Int: 15    God:
Gold:   199        SH:  0    Dex: 13    Spells: 5/5 levels left

rFire    . . .     SeeInvis .   a - +2 quarterstaff
rCold    . . .     Gourm    .   (shield currently unavailable)
rNeg     . . .     Faith    .   k - +0 scale mail
rPois    .         Spirit   .   (helmet restricted)
rElec    .         Reflect  .   l - +0 cloak
rCorr    .         Harm     .   (no gloves)
MR       ++...                  (no boots)
Stlth    ..........             (no amulet)
HPRegen  0.16/turn              p - ring of protection from magic (curse)
MPRegen  0.10/turn              s - ring of protection from magic

@: no status effects
A: horns 1, rot immunity, sanguine armour 1
a: no special abilities


You were on level 4 of the Dungeon.
You were not hungry.

You visited 1 branch of the dungeon, and saw 4 of its levels.

You collected 199 gold pieces.

Inventory:

Hand Weapons
 a - a +2 quarterstaff (weapon)
Missiles
 e - 81 sling bullets
 g - 191 stones (quivered)
 j - 76 arrows
Armour
 d - a +0 buckler
 k - a +0 scale mail (worn)
 l - a +0 cloak (worn)
Jewellery
 p - a cursed ring of protection from magic (left hand)
 s - a ring of protection from magic (right hand)
Wands
 c - a wand of random effects (15)
Scrolls
 i - 3 scrolls of identify
 m - 4 scrolls of remove curse
 n - 2 scrolls of enchant weapon
 r - 3 scrolls of teleportation
Potions
 b - 5 potions of curing
 h - a potion of flight
 o - a potion of lignification {unknown}
 q - a potion of heal wounds
 t - a potion of degeneration {unknown}
Comestibles
 f - 7 rations
 w - a chunk of flesh


   Skills:
 * Level 4.5 Fighting
 - Level 2.6 Staves
 - Level 1.0 Throwing
 * Level 3.3 Armour
 * Level 4.1 Dodging
 - Level 1.0 Stealth
 - Level 1.0 Evocations


You had 5 spell levels left.
You didn't know any spells.
Your spell library contained the following spells:

 Spells                   Type           Power        Failure   Level  Hunger
 Summon Small Mammal      Summ           #...         78%         1    ##.....
 Call Imp                 Summ           #.......     89%         2    ###....
 Call Canine Familiar     Summ           #.......     98%         3    ####...
 Summon Guardian Golem    Hex/Summ       #.......     98%         3    ####...
 Summon Ice Beast         Ice/Summ       #.......     100%        4    #####..
 Summon Lightning Spire   Summ/Air       #.......     100%        4    #####..


Dungeon Overview and Level Annotations

Branches:
Dungeon (4/15)
 Temple: D:4-7

Altars:
Hepliaklqana

Shops:
D:4 (

Annotations:
D:3 1 runed translucent door, tsouns's ghost, amateur GnFi


Innate Abilities, Weirdness & Mutations

You have a pair of small horns on your head.
You are immune to rotting.
When seriously injured, your bleeding wounds create armour. (AC +0)


Message History

No target in view!
No target in view!
No target in view!
No target in view!
No target in view!
No target in view!
No target in view!
No target in view!
No target in view!
No target in view!
No target in view!
No target in view!
No target in view!
No target in view!
No target in view!
No target in view!
Found Utwaush's Antique Weapon Shop.
There is an entrance to Utwaush's Antique Weapon Shop here.
You can access your shopping list by pressing '$'.
Are you sure you want to abandon this character and quit the game? (Confirm with "yes".)

#......## #..##..# #.# #...
#..###.## #.# #...## #..#
#..## #.## #....# #..# ##..#
#..# #....# #..# #..## #..##
####....##### ..# ##..###
#...###........#...
#....###..................
#..#......@................
#..####.....................
.. #..#
###.........###.....#.
...#... #........## #....###
......# #.......## #....###
...... .......## ##.......
.# ..................... ##
>..................... #
#....##....


There were no monsters in sight!

Vanquished Creatures
  Grinder (D:4)
  A howler monkey (D:4)
  A hound (D:4)
  2 hound skeletons (D:4)
  3 gnolls (D:3)
  5 adders
  An ooze (D:1)
  A worm (D:4)
  3 leopard geckos
  3 orcs (D:3)
  3 ball pythons
  7 bats
  6 giant cockroaches
  7 hobgoblins
  5 jackals (D:4)
  2 quokkas
  A frilled lizard (D:3)
  8 goblins
  9 kobolds
  4 rats
73 creatures vanquished.

Notes
Turn   | Place    | Note
-------+----------+-------------------------------------------
     0 | D:1      | Chiseanne the Demonspawn Wanderer began the quest for the
                  | Orb.
     0 | D:1      | Chiseanne set off with the following items: a +2
                  | quarterstaff, a potion of curing, a wand of random effects
                  | (15), a +0 robe, a ration
     0 | D:1      | Reached XP level 1. HP: 16/16 MP: 1/1
   184 | D:1      | Gained mutation: You have a pair of small horns on your
                  | head. [demonic ancestry]
   184 | D:1      | Reached XP level 2. HP: 23/23 MP: 2/2
   802 | D:2      | Reached XP level 3. HP: 27/28 MP: 3/3
   831 | D:2      | Reached skill level 1 in Armour
  1430 | D:3      | Gained mutation: You are immune to rotting. [demonic
                  | ancestry]
  1430 | D:3      | Reached XP level 4. HP: 30/35 MP: 4/4
  1444 | D:3      | Found a runed translucent door.
  1516 | D:3      | Noticed a bullfrog
  1518 | D:3      | Noticed tsouns's ghost (amateur GnFi)
  2095 | D:3      | Found a hazy altar of Hepliaklqana.
  2448 | D:4      | Reached XP level 5. HP: 36/41 MP: 5/5
  2888 | D:4      | Noticed Grinder
  2908 | D:4      | Killed Grinder
  2908 | D:4      | Gained mutation: When seriously injured, your bleeding
                  | wounds create armour. (AC +0) [demonic ancestry]
  2908 | D:4      | Reached XP level 6. HP: 13/49 MP: 6/6
  3104 | D:4      | Got a coiled garnet amulet
  3117 | D:4      | Identified the amulet of Huzigiw {Harm *Drain Dex+3} (You
                  | found it on level 4 of the Dungeon)
  3172 | D:4      | Found Utwaush's Antique Weapon Shop.
  3179 | D:4      | Quit the game

Levels and vault maps discovered:
D:1:      psy_arrival_statuary, layout_rooms
D:2:      layout_basic
D:3:      layout_basic, lemuel_doored_altar, ebering_ghost_sewer_d, first_ration
D:4:      layout_layer_cave, nicolae_overflow_hidden_temple, serial_shops, shop,
          uniq_grinder, uniq_duvessa

Skill      XL: |  1  2  3  4  5 |
---------------+----------------+-----
Dodging        | 2 3 4 |  4.1
Armour         | 1 2 3 |  3.3
Fighting       | 3 4 |  4.5
Staves         | |  2.6
Throwing       | |  1.0
Stealth        | |  1.0
Evocations     | |  1.0

Action                   |  1- 3 |  4- 6 || total
-------------------------+-------+-------++-------
Melee: Quarterstaff      |   106 |   107 ||   213
       Headbutt          |    12 |    18 ||    30
  Use: Scroll            |     4 |     5 ||     9
  Eat: Chunk             |     2 |     5 ||     7
Armor: Robe              |     5 |       ||     5
       Scale mail        |    57 |    53 ||   110
Dodge: Dodged            |    73 |    71 ||   144

Table legend:
 A = Non-vault XP
 B = Vault XP
 C = Vault XP percentage of total XP
 D = Non-vault monster count
 E = Vault monster count
 F = Vault count percentage of total count
                 A         B        C        D         E       F
            +---------+---------+-------+---------+---------+-------
      Total |     361 |     281 |  43.8 |      72 |       1 |   1.4
            +---------+---------+-------+---------+---------+-------
        D:1 |      33 |       0 |   0.0 |      16 |       0 |   0.0
        D:2 |      50 |       0 |   0.0 |      23 |       0 |   0.0
        D:3 |      94 |       0 |   0.0 |      18 |       0 |   0.0
        D:4 |     184 |     281 |  60.4 |      15 |       1 |   6.2
            +---------+---------+-------+---------+---------+-------
